 Dungeon Crawl Stone Soup version 0.17.0-28-g6e173f8 (webtiles) character file.

5897 plasmid the Cleaver (level 10, -2/94 HPs)
             Began as a Hill Orc Fighter on Dec 2, 2015.
             Was a Priest of Beogh.
             Slain by an unseen horror (6 damage)
             ... on level 10 of the Dungeon.
             The game lasted 01:22:00 (7947 turns).

plasmid the Cleaver (Hill Orc Fighter)              Turns: 7947, Time: 01:22:00

Health: -2/94      AC: 17    Str: 23    XL:     10   Next: 82%
Magic:  15/15      EV:  8    Int: 11    God:    Beogh [***...]
Gold:   347        SH: 13    Dex: 10    Spells: 0 memorised, 9 levels left

rFire  . . .     SeeInvis .     j - +2 hand axe (vamp)
rCold  . . .     Clarity  .     B - +5 scale mail of Itsizxaa {Int+3}
rNeg   . . .     SustAt   .     c - +2 shield
rPois  .         Gourm    +     t - +0 helmet
rElec  .         Spirit   .     (no cloak)
rCorr  .         Warding  .     X - +0 pair of gloves
rMut   .         Stasis   .     (no boots)
MR     .....                    p - amulet of the gourmand
Stlth  ..........               (no ring)
                                (no ring)

@: not resistant to hostile enchantments, extremely unstealthy
A: no striking features
a: Smiting, Renounce Religion


You were on level 10 of the Dungeon.
You worshipped Beogh.
Beogh was most pleased with you.
You were not hungry.

You visited 2 branches of the dungeon, and saw 11 of its levels.

You collected 347 gold pieces.

Inventory:

Hand Weapons
 a - a +1 war axe
 f - a +2 whip of venom
 j - a +2 vampiric hand axe (weapon)
 l - a +0 halberd
 v - a +0 hunting sling
 y - a +2 spear of flaming
 F - a +0 spear
 M - a +0 mace
 W - a cursed -2 rapier
Missiles
 k - 283 stones (quivered)
 r - 18 sling bullets of flame
 C - 5 steel tomahawks
 E - a throwing net
 G - 17 poisoned arrows
 I - 10 arrows of frost
 K - 17 bolts of frost
 O - 5 curare-tipped needles
 R - 7 javelins
 S - 4 tomahawks
Armour
 b - a +0 scale mail
 c - a +2 shield (worn)
 m - a +0 plate armour
 t - a +0 helmet (worn)
 B - the +5 scale mail of Itsizxaa (worn) {Int+3}
   (You found it on level 4 of the Dungeon)

   It affects your intelligence (+3).
 X - a +0 pair of gloves (worn)
Jewellery
 n - an uncursed amulet of resist mutation
 p - an amulet of the gourmand (around neck)
 s - an uncursed amulet of the gourmand
Wands
 z - a wand of flame (18)
 J - a wand of teleportation (4)
 P - a wand of disintegration (14)
 Q - a wand of frost (16)
Scrolls
 h - a scroll of enchant weapon
 w - 2 scrolls of enchant armour
 x - 4 scrolls of recharging
 A - 2 scrolls of remove curse
 D - a scroll of blinking
 H - 4 scrolls of identify
Potions
 d - 3 potions of might
 u - a potion of agility
 L - 2 potions of resistance
 N - 5 potions of curing
 U - a potion of berserk rage
 V - a potion of brilliance
Books
 i - a book of Dreams

   Spells                             Type                      Level
   a - Ensorcelled Hibernation        Hexes/Ice                    2
   b - Phase Shift                    Translocation                5
   c - Shadow Creatures               Summoning                    5
   d - Silence                        Hexes/Air                    5
   e - Darkness                       Hexes                        6
   f - Mass Confusion                 Hexes                        6
 T - a book of Frost

   Spells                             Type                      Level
   a - Freeze                         Ice                          1
   b - Throw Frost                    Conjuration/Ice              2
   c - Ozocubu's Armour               Charms/Ice                   3
   d - Throw Icicle                   Conjuration/Ice              4
   e - Summon Ice Beast               Ice/Summoning                4
   f - Condensation Shield            Ice                          4
Comestibles
 e - 4 bread rations
 g - a fruit
 o - 2 beef jerkies
 Y - 4 chunks of flesh
 Z - 2 meat rations


   Skills:
 * Level 10.9 Fighting
 * Level 12.1 Axes
 * Level 10.4 Armour
 * Level 6.8 Shields
 + Level 7.2 Invocations


You had 9 spell levels left.
You didn't know any spells.

Dungeon Overview and Level Annotations

Branches:
Dungeon (10/15)            Temple (1/1) D:7            Lair (0/8) D:10
    Orc: D:9-12

Altars:
Ashenzari
Cheibriados
Dithmenos
Elyvilon
Fedhas
Gozag
Kikubaaqudgha
Makhleb
Nemelex Xobeh
Okawaru
Qazlal
Ru
Sif Muna
Trog
Vehumet
Xom
Yredelemnul
Zin
The Shining One

Shops:
D:4 %

Annotations:
D:6 HandofTrog's ghost, novice TrMo


Message History

Something hits you.
* * * LOW HITPOINT WARNING * * *
You hit something.
You feel better. Something hits you but does no damage. You block its attack.
You miss something. Something hits you.
* * * LOW HITPOINT WARNING * * *
You hit something.
You feel better. Something hits you!
* * * LOW HITPOINT WARNING * * *
You block its attack.
You miss something. Something hits you but does no damage.
Something hits you but does no damage.
You completely miss something. Something hits you but does no damage.
Something hits you.
* * * LOW HITPOINT WARNING * * *
You slash something!
You feel better. Something hits you.
* * * LOW HITPOINT WARNING * * *
Something hits you!
* * * LOW HITPOINT WARNING * * *
Something hits your orc warrior. Something hits you.
You die...

#........#
#........#
#.....>..#
#####........#
#.....o......#
#.###o......(#
#.#########..#
#..#.#$# ..+
#..#@#.# .#
#.oo.#.# #
##.#.....%#
#.#.#.#.%#
##########


You could see a friendly orc warrior and a friendly orc priest.

Vanquished Creatures
  A two-headed ogre (D:8)
  3 slime creatures (D:10)
  A deep elf fighter (D:10)
  A hungry ghost (D:9)
  A hippogriff (D:8)
  A water moccasin (D:8)
  A black bear (D:7)
  9 ogres
  4 centaurs
  An eye of draining (D:8)
  2 gnoll sergeants (D:8)
  4 giant frogs
  A wyvern skeleton (D:7)
  3 crimson imps
  A centaur skeleton (D:5)
  A jelly (D:7)
  5 orc wizards
  3 giant frog zombies
  3 hounds
  7 worker ants
  An iguana (D:9)
  9 orc priests
  A giant frog skeleton (D:4)
  8 adders
  6 gnolls (D:8)
  2 oozes
  2 adder skeletons
  2 worms
  8 giant geckos
  27 orcs
  4 giant cockroaches
  7 goblins
  13 hobgoblins
  11 jackals
  5 kobolds
  3 quokkas
  11 bats
  A giant gecko skeleton (D:9)
  A giant gecko zombie (D:7)
  7 giant newts
  A jackal skeleton (D:9)
  6 rats
  A fungus (D:1)
190 creatures vanquished.

Vanquished Creatures (collateral kills)
  3 slime creatures (D:10)
  A centaur (D:9)
  An orc priest (D:9)
  A centaur skeleton (D:9)
  An adder (D:9)
7 creatures vanquished.

Vanquished Creatures (others)
  5 orcs
5 creatures vanquished.

Grand Total: 202 creatures vanquished

Notes
Turn   | Place    | Note
--------------------------------------------------------------
     0 | D:1      | plasmid the Hill Orc Fighter began the quest for the Orb.
     0 | D:1      | Reached XP level 1. HP: 19/19 MP: 1/1
   190 | D:1      | Found a snail-covered altar of Cheibriados.
   322 | D:1      | Reached XP level 2. HP: 25/27 MP: 2/2
   643 | D:1      | Reached XP level 3. HP: 29/33 MP: 3/3
   871 | D:2      | Found a glowing golden altar of the Shining One.
   873 | D:2      | Noticed an angel
   888 | D:2      | Found a basalt altar of Yredelemnul.
   890 | D:2      | Noticed a profane servitor
  1175 | D:2      | Reached skill level 4 in Fighting
  1354 | D:2      | Found a bloodstained altar of Trog.
  1389 | D:2      | Reached XP level 4. HP: 31/40 MP: 4/4
  1804 | D:3      | Became a worshipper of Beogh the Brigand
  1910 | D:3      | Reached XP level 5. HP: 44/47 MP: 5/5
  2369 | D:4      | Noticed an ogre
  2380 | D:4      | Killed an ogre
  2380 | D:4      | Reached skill level 5 in Fighting
  2380 | D:4      | Reached skill level 5 in Axes
  2380 | D:4      | Reached XP level 6. HP: 24/56 MP: 6/6
  2398 | D:4      | Reached * piety under Beogh
  2427 | D:4      | Found Aqoent's Food Shop.
  2580 | D:4      | Reached skill level 5 in Armour
  2632 | D:4      | Reached skill level 6 in Axes
  2632 | D:4      | Reached XP level 7. HP: 16/61 MP: 7/7
  2885 | D:4      | Got a smoking scale mail
  2916 | D:4      | Identified the +5 scale mail of Itsizxaa {Int+3} (You found it on level 4 of the Dungeon)
  3238 | D:4      | Found a blossoming altar of Fedhas.
  3642 | D:4      | Reached skill level 7 in Axes
  3688 | D:5      | Entered Level 5 of the Dungeon
  3697 | D:5      | Found a shattered altar of Ashenzari.
  4351 | D:6      | Reached XP level 8. HP: 68/70 MP: 8/8
  4416 | D:6      | Found a white marble altar of Elyvilon.
  4524 | D:6      | Reached skill level 5 in Shields
  4524 | D:6      | Reached skill level 1 in Invocations
  4593 | D:6      | Reached ** piety under Beogh
  4656 | D:6      | Found a shadowy altar of Dithmenos.
  4657 | D:6      | Found an ancient bone altar of Kikubaaqudgha.
  4660 | D:6      | Found an opulent altar of Gozag.
  4661 | D:6      | Found a sacrificial altar of Ru.
  4661 | D:6      | Found a shimmering altar of Xom.
  4927 | D:6      | Noticed HandofTrog's ghost (novice TrMo)
  5257 | D:7      | Found a staircase to the Ecumenical Temple.
  5279 | Temple   | Entered the Ecumenical Temple
  5347 | Temple   | Reached skill level 10 in Fighting
  5347 | Temple   | Reached skill level 11 in Axes
  5347 | Temple   | Reached XP level 9. HP: 75/85 MP: 9/13
  6206 | D:8      | Reached XP level 10. HP: 88/94 MP: 14/14
  6721 | D:8      | Reached skill level 10 in Armour
  6790 | D:8      | Found a bloodstained altar of Trog.
  6840 | D:8      | Found a radiant altar of Vehumet.
  7027 | D:9      | Reached *** piety under Beogh
  7720 | D:10     | Entered Level 10 of the Dungeon
  7720 | D:10     | Found a staircase to the Lair.
  7741 | D:10     | Reached skill level 12 in Axes
  7947 | D:10     | HP: 4/94 [something (7)]
  7947 | D:10     | Slain by an unseen horror

Action                   |  1- 3 |  4- 6 |  7- 9 | 10-12 || total
-------------------------+-------+-------+-------+-------++-------
Melee: War axe           |   159 |   168 |   179 |       ||   506
       Hand axe          |       |       |    61 |   237 ||   298
Throw: Stone             |     5 |     6 |     5 |     1 ||    17
Invok: Convert to Beogh  |       |     1 |       |       ||     1
       Smiting           |       |       |     2 |     2 ||     4
  Use: Scroll            |       |     5 |     7 |     1 ||    13
       Potion            |       |     1 |    12 |     2 ||    15
  Eat: Chunk             |     2 |     4 |    11 |    10 ||    27
       Fruit             |       |       |     3 |     1 ||     4
       Bread ration      |       |       |     1 |       ||     1
       Meat ration       |       |       |     1 |       ||     1
       Pizza             |       |       |     1 |       ||     1
